 Dungeon Crawl Stone Soup version 0.31.0-9-g3a7656b989 (webtiles) character file.

Game seed: 15432660599400192046

1485 cdecastro the Grappler (level 8, -6/88 HPs)
             Began as a Purple Draconian Shapeshifter on Jan 25, 2024.
             Was a Priest of Elyvilon.
             Mangled by a gnoll
             ... wielding a +0 halberd
             ... led by a gnoll sergeant
              (11 damage)
             ... on level 6 of the Dungeon.
             The game lasted 00:09:48 (5225 turns).

cdecastro the Grappler (DrSh)                       Turns: 5225, Time: 00:09:49

Health: -6/88      AC: 28    Str: 16    XL:     8   Next: 50%
Magic:  8/8        EV:  2    Int: 11    God:    Elyvilon [***...]
Gold:   227        SH:  0    Dex: 13    Spells: 7/7 levels left

rFire   . .          .
                       - Unarmed
rCold   . . .        (no shield)
rNeg    + . .        (body armour unavailable)
rPois   +            (helmet currently unavailable)
rElec   .            (cloak currently unavailable)
rCorr   .            (gloves currently unavailable)
SInv    .            (boots currently unavailable)
Will    +....        (no amulet)
Stlth   +            k - +4 ring of protection
HPRegen 0.34/turn    J - ring of positive energy
MPRegen 0.11/turn

%: no passive effects
@: lethally poisoned (-6 -> -12), tree-form
A: stationary, stasis, torment immunity, boosted hp, (breathe power), AC +6,
unfitting armour, (cold-blooded)
a: Renounce Religion, Purification, Heal Other, Heal Self


You were on level 6 of the Dungeon.
You worshipped Elyvilon.
Elyvilon was most pleased with you.
You were a tree.
You visited 1 branch of the dungeon, and saw 6 of its levels.
You also visited: Sewer.

You collected 227 gold pieces.

Inventory:

Missiles
 s - 7 javelins (quivered)
 u - 11 poisoned darts
 x - 2 throwing nets
 z - a curare-tipped dart
 G - 2 boomerangs
 I - 12 atropa-tipped darts
Armour
 j - an orb of energy
 p - a +0 cloak
 r - a +0 pair of gloves
 C - a +0 cloak
 F - a +0 cloak
Jewellery
 g - a ring of fire
 k - a +4 ring of protection (left branch)
 J - a ring of positive energy (right branch)
Talismans
 b - a beast talisman
 c - a flux talisman
 q - a blade talisman
 E - a serpent talisman
Wands
 y - a wand of polymorph (6)
 L - a wand of quicksilver (5)
 M - a wand of charming (10)
 P - a wand of flame (27)
Scrolls
 d - 4 scrolls of teleportation {unknown}
 f - 4 scrolls of identify {unknown}
 h - 2 scrolls of immolation {unknown}
 i - a scroll of revelation {unknown}
 o - a scroll of amnesia {unknown}
 t - a scroll of poison {unknown}
 w - 2 scrolls of noise {unknown}
 D - a scroll of blinking {unknown}
 N - a scroll of summoning {unknown}
Potions
 e - a potion of degeneration {unknown}
 l - 6 potions of curing {unknown}
 m - a potion of cancellation {unknown}
 n - a potion of ambrosia {unknown}
 v - a potion of mutation {unknown}
 A - a potion of haste {unknown}
 B - 2 potions of magic {unknown}
 H - a potion of berserk rage {unknown}
 K - a potion of brilliance {unknown}
 O - a potion of attraction {unknown}


   Skills:
 - Level 1.1 Fighting
 - Level 1.7 Dodging
 * Level 9.2 Unarmed Combat
 + Level 6.4 Shapeshifting


You had 7 spell levels left.
You didn't know any spells.
Your spell library was empty.

Dungeon Overview and Level Annotations

Branches:
Dungeon (6/15)             Temple (0/1) D:5           Sewer (visited)

Altars:
Elyvilon
Hepliaklqana
Makhleb
Okawaru
Qazlal
Uskayaw
Vehumet
Xom

Annotations:
D:3 2 runed translucent doors
D:4 Duvessa
D:5 3 runed translucent doors, Arctor's ghost, novice KoHs


Innate Abilities, Weirdness & Mutations

You are a tree.
Your roots penetrate the ground, keeping you stationary.
You cannot be teleported.
You are immune to unholy pain and torment.
Your maximum health is greatly increased.
Your equipment is partially melded.
((You can breathe bolts of dispelling energy.))
((Your rich purple scales are hard. (AC +6)))
You cannot fit into any form of body armour.
((You are cold-blooded and may be slowed by cold attacks.))


Message History

You feel very sick.
The gnoll sergeant hits you from afar with a +2 spear of venom.
You are more poisoned.
You hit the gnoll but do no damage. You punch the gnoll!
The gnoll is almost dead.
You feel very sick.
You barely miss the gnoll.
The gnoll is almost dead.
You feel very sick. The gnoll sergeant closely misses you.
The gnoll misses you.
You punch the gnoll!
You kill the gnoll!
You feel very sick. The gnoll sergeant barely misses you.
The gnoll closely misses you.
You feel very sick.
The gnoll sergeant hits you with a +2 spear of venom.
* * * LOW HITPOINT WARNING * * *
The gnoll hits you with a +0 halberd!
* * * LOW HITPOINT WARNING * * *
Things that are here:
a +0 whip; a +0 spear Your transformation has ended.
You turn into a tree.
Your roots penetrate the ground.
* * * LOW HITPOINT WARNING * * *
You feel very sick.
The gnoll sergeant hits you but does no damage.
The gnoll hits you with a +0 halberd.
* * * LOW HITPOINT WARNING * * *
Unknown command.
You barely miss the gnoll sergeant. The gnoll sergeant blocks your attack.
* * * LOW HITPOINT WARNING * * *
You feel sick.
The gnoll sergeant hits you but does no damage.
The gnoll hits you but does no damage.
Unknown command.
You hit the gnoll sergeant but do no damage.
* * * LOW HITPOINT WARNING * * *
You feel sick. The gnoll sergeant barely misses you.
The gnoll hits you with a +0 halberd!
You die...

#........ .>.
##.####..... ###
#.....######
#.....## .#
#......# #.#
#......# .. #+
#......# .######
..
#......##g......
.. #.....(.♣g..#
.. #.....#####.#
.. #.....# .#
####### # # #


You could see a gnoll sergeant and a gnoll.

Vanquished Creatures
  Grinder (D:5)
  Pargi (Sewer)
  An ice beast (D:6)
  A black bear (D:5)
  2 lemures (D:4)
  A kobold brigand (Sewer)
  Blork the orc (D:4)
  A brain worm (Sewer)
  A bullfrog (D:5)
  A scorpion (D:4)
  Dowan (D:4)
  3 hounds
  An orc priest (D:5)
  A bombardier beetle (D:5)
  A gnoll bouda (D:5)
  3 iguanas
  2 sleepcaps (D:6)
  Natasha (D:4)
  9 gnolls
  10 adders
  4 river rats (D:4)
  A shadow imp (D:5)
  A dart slug (D:1)
  9 orcs
  3 bats
  9 endoplasms
  4 giant cockroaches
  5 goblins
  3 hobgoblins
  4 jackals (D:2)
  10 kobolds
  3 quokkas
  4 ball pythons
  3 frilled lizards
  9 rats
115 creatures vanquished.

Vanquished Creatures (others)
  A bombardier beetle (D:5)
  An iguana (D:5)
2 creatures vanquished.

Grand Total: 117 creatures vanquished

Notes
Turn   | Place    | Note
-------+----------+-------------------------------------------
     0 | D:1      | cdecastro the Draconian Shapeshifter began the quest for
                  | the Orb.
     0 | D:1      | Reached XP level 1. HP: 16/16 MP: 1/1
   330 | D:1      | Reached XP level 2. HP: 23/23 MP: 2/2
   791 | D:2      | Found an iron altar of Okawaru.
   796 | D:2      | Reached XP level 3. HP: 28/28 MP: 3/3
   926 | D:2      | Reached skill level 4 in Unarmed Combat
  1328 | D:2      | Reached XP level 4. HP: 35/35 MP: 4/4
  1791 | D:3      | Found a large runed translucent door.
  1796 | D:3      | Found a large runed translucent door.
  1796 | D:3      | Found a shimmering altar of Xom.
  1947 | D:3      | Reached skill level 5 in Unarmed Combat
  1956 | D:3      | Reached XP level 5. HP: 36/40 MP: 5/5
  2076 | D:3      | Found a faded altar of an unknown god.
  2086 | D:3      | Prayed at the altar of an unknown god.
  2086 | D:3      | Became a worshipper of Elyvilon the Healer
  2086 | D:3      | Reached * piety under Elyvilon
  2563 | D:4      | Found a hazy altar of Hepliaklqana.
  2668 | D:4      | Reached XP level 6. HP: 47/47 MP: 6/6
  2694 | D:4      | Found a glowing drain.
  2699 | Sewer    | Entered a sewer
  2778 | Sewer    | Noticed Pargi
  2788 | Sewer    | Killed Pargi
  2789 | Sewer    | Reached skill level 6 in Unarmed Combat
  2934 | Sewer    | Your scales start taking on a rich purple colour.
  2934 | Sewer    | Reached XP level 7. HP: 45/52 MP: 5/7
  3131 | D:4      | Noticed Blork the orc
  3145 | D:4      | Killed Blork the orc
  3146 | D:4      | Reached skill level 7 in Unarmed Combat
  3146 | D:4      | Reached skill level 5 in Shapeshifting
  3209 | D:4      | Noticed Dowan
  3314 | D:4      | Killed Dowan
  3485 | D:4      | Noticed Natasha
  3497 | D:4      | Killed Natasha
  3504 | D:4      | Noticed Duvessa
  3558 | D:5      | Entered Level 5 of the Dungeon
  3560 | D:5      | Reached ** piety under Elyvilon
  3568 | D:5      | Noticed Arctor's ghost (novice KoHs)
  3713 | D:5      | Found a hide-covered altar of Uskayaw.
  3716 | D:5      | Found a shimmering altar of Xom.
  3723 | D:5      | Found a burning altar of Makhleb.
  3816 | D:5      | Found a staircase to the Ecumenical Temple.
  3847 | D:5      | Noticed Grinder
  3860 | D:5      | Paralysed by Grinder for 3 turns
  3867 | D:5      | Killed Grinder
  3868 | D:5      | Reached skill level 8 in Unarmed Combat
  3868 | D:5      | Reached XP level 8. HP: 42/59 MP: 8/8
  4057 | D:5      | Found a runed translucent gate.
  4057 | D:5      | Found a runed translucent gate.
  4057 | D:5      | Found a runed translucent gate.
  4533 | D:5      | Found a radiant altar of Vehumet.
  4542 | D:5      | Found a stormy altar of Qazlal.
  4979 | D:6      | Reached *** piety under Elyvilon
  5056 | D:6      | Reached skill level 9 in Unarmed Combat
  5225 | D:6      | Mangled by a gnoll

Illustrated notes

Levels and vault maps discovered:
D:1:      onia_arrival_pyramid, layout_loops_ring
D:2:      layout_loops_ring, serial_forest, infiniplex_forest_corner_1,
          infiniplex_forest_corner_1, infiniplex_forest_straight_3,
          infiniplex_forest_side_room, infiniplex_forest_clump_C,
          infiniplex_forest_clump_C, infiniplex_forest_straight_5, basic_altar
D:3:      due_chaos_kobolds, layout_loops_ring,
          hellmonk_ecumenical_altar_slurped_away
D:4:      layout_rooms, nicolae_hepliaklqana_hazy_memory, portal_sewer_entry_e,
          uniq_natasha, uniq_blork_the_orc, uniq_duvessa, uniq_pikel
D:5:      layout_loops_ring, fiery_altar_vehumet, mainiacjoe_overflow_alcove_4,
          grunt_temple_overflow_diamond, minmay_temple_entry_antechambers,
          gammafunk_ghost_icy, uniq_grinder
D:6:      layout_basic

Skill      XL: |  1  2  3  4  5  6  7  8 |
---------------+-------------------------+-----
Unarmed Combat | 4 5 6 8 9 |  9.2
Shapeshifting  | 4 5 6 |  6.4
Fighting       | |  1.1
Dodging        | |  1.7

Action                     |  1- 3 |  4- 6 |  7- 9 || total
---------------------------+-------+-------+-------++-------
  Melee: Unarmed           |   105 |   126 |   172 ||   403
         Tailslap          |    11 |    16 |    21 ||    48
         Punch             |     1 |     1 |     7 ||     9
  Evoke: Wand              |       |       |     1 ||     1
    Use: Potion            |       |       |     1 ||     1
   Stab: Sleeping          |     1 |       |       ||     1
 Armour: Skin              |    49 |    63 |   103 ||   215
  Dodge: Dodged            |    75 |    67 |    84 ||   226
